 Dungeon Sprint DCSS version 0.31-a0-460-g9e667d4245 (webtiles) character file.

Game seed: 11978678193743742922

109 rocky1 the Insei (level 4, -1/29 HPs)
             Began as an Octopode Shapeshifter on Aug 5, 2023.
             Slain by a jelly (2 damage)
             ... in the Dungeon (Sprint IX: "|||||||||||||||||||||||||||||").
             The game lasted 00:00:19 (131 turns).

rocky1 the Insei (Octopode Shapeshifter)             Turns: 131, Time: 00:00:20

Health: -1/29      AC: -3    Str: 14    XL:     4   Next: 90%
Magic:  4/4        EV: 13    Int: 10    God:
Gold:   0          SH:  0    Dex: 14    Spells: 3/3 levels left

rFire   . .          .
                       - Unarmed
rCold   . . .        (no shield)
rNeg    . . .        (helmet currently unavailable)
rPois   .            (no amulet)
rElec   .            (no ring)
rCorr   .            (no ring)
SInv    .            (no ring)
Will    .....        (no ring)
Stlth   ++++         (no ring)
HPRegen 0.24/turn    (no ring)
MPRegen 0.09/turn    (no ring)
                     (no ring)

%: no teleportation
@: beast-form, corroded
A: beast (slay +4), almost no armour, amphibious, 8 rings, camouflage 1,
gelatinous body 1, (nimble swimmer 1), tentacles
a: Begin Untransformation


You were in the Dungeon.
You were a hulking beast.
You visited 1 branch

Inventory:

Talismans
 b - a beast talisman (active)
Scrolls
 h - a scroll of blinking
Potions
 a - a potion of lignification
 c - a potion of curing
 e - a potion of haste
 f - 2 potions of magic
 g - a potion of berserk rage


   Skills:
 + Level 1.9 Fighting
 + Level 2.8 Dodging
 + Level 4.1 Stealth
 + Level 6.0 Unarmed Combat
 + Level 6.0 Shapeshifting


You had 3 spell levels left.
You didn't know any spells.
Your spell library was empty.

Dungeon Overview and Level Annotations

Branches:
Dungeon (1/1)

Altars:


Innate Abilities, Weirdness & Mutations

You are a hulking beast.
Your limbs bulge with bestial killing power. (Slay +4)
You cannot wear most types of armour.
You are amphibious.
You can wear up to eight rings at the same time.
Your skin changes colour to match your surroundings (Stealth+).
Your rubbery body absorbs attacks. (AC +1, EV +1)
((You are camouflaged when in or above water. (Stealth+)))
You have tentacles for arms and can constrict up to eight enemies at once.


Message History

Your Stealth skill increases to level 3!
Your Unarmed Combat skill increases to level 5!
Your Shapeshifting skill increases to level 5!
You have reached level 4!
Unknown command.
You tentacle-slap the iguana. You grab the iguana. You squeeze the iguana.
The iguana is heavily wounded.
You constrict the iguana, but do no damage.
The iguana barely misses you.
You tentacle-slap the iguana.
You squeeze the iguana, but do no damage.
The iguana is severely wounded.
You constrict the iguana, but do no damage.
The iguana bites you.
* * * LOW HITPOINT WARNING * * *
You bludgeon the iguana!
You kill the iguana!
Your Stealth skill increases to level 4!
Your Unarmed Combat skill increases to level 6!
Your Shapeshifting skill increases to level 6!
Unknown command.
Unknown command.
You close the door.
You hear a slurping noise.
The jelly eats the door!
Unknown command.
You feel much better. The jelly hits you. The acid corrodes you!
You are splashed with acid!
You tentacle-slap the jelly.
Your tentacles burn!
The jelly is moderately wounded.
The jelly misses you.
You tentacle-slap the jelly.
Your tentacles burn!
The jelly is severely wounded.
The jelly hits you.
You are splashed with acid.
* * * LOW HITPOINT WARNING * * *
You tentacle-slap the jelly.
Your tentacles burn!
* * * LOW HITPOINT WARNING * * *
The jelly is almost dead.
The jelly hits you.
You die... ▓▓▓▓▓▓▓▓▓▓▓▓▓▓▓▓▓▓ ▓<...')††.hJ.....+ ▓▓▓▓▓▓▓▓▓▓▓▓▓▓▓▓▓▓

You could see a jelly.

Vanquished Creatures
  A scorpion (D)
  An iguana (D)
  2 adders (D)
  An endoplasm (D)
  A hobgoblin (D)
  A ball python (D)
  A bat (D)
  A kobold (D)
9 creatures vanquished.

Notes
Turn   | Place    | Note
-------+----------+-------------------------------------------
     0 | D        | rocky1 the Octopode Shapeshifter began the quest for the
                  | Orb.
     0 | D        | Reached XP level 1. HP: 13/13 MP: 1/1
   115 | D        | Noticed a scorpion
   115 | D        | Noticed an iguana
   115 | D        | Noticed a jelly
   119 | D        | Reached XP level 2. HP: 12/18 MP: 2/2
   120 | D        | Reached XP level 3. HP: 15/23 MP: 3/3
   123 | D        | Killed a scorpion
   124 | D        | Reached skill level 5 in Unarmed Combat
   124 | D        | Reached skill level 5 in Shapeshifting
   124 | D        | Reached XP level 4. HP: 8/29 MP: 4/4
   131 | D        | HP: 1/29 [acid (4)]
   131 | D        | Slain by a jelly

Illustrated notes

Levels and vault maps discovered:
D:        linesprint [early_d, line_temple, items_1, d_10, items_2, lair_1,
          lair_end, items_3, orc_1, orc_end, items_4, d_15, swamp_1, shoals_1,
          snake_1, spider_1, d_20, vaults_1, items_5, swamp_end, shoals_end,
          snake_end, spider_end, vaults_end, d_27, items_6, zot_1, zot_end,
          crypt_end, forest_end, elf_end, slime_end, tomb_end, abyss_end,
          pan_hell_end]

Skill      XL: |  1  2  3  4 |
---------------+-------------+-----
Stealth        | 2 3 4 |  4.1
Unarmed Combat | 4 5 6 |  6.0
Shapeshifting  | 4 5 6 |  6.0
Fighting       | |  1.9
Dodging        | |  2.8

Action                     |  1- 3 |  4- 6 || total
---------------------------+-------+-------++-------
  Melee: Unarmed           |    13 |     6 ||    19
         Tentacles         |     4 |     2 ||     6
         Constrict         |     3 |     1 ||     4
         Punch             |     1 |       ||     1
    Use: Potion            |       |     1 ||     1
   Stab: Sleeping          |     4 |       ||     4
  Dodge: Dodged            |     3 |     2 ||     5

Table legend: (Time is in decaauts)
 A = Elapsed time spent in this place.
 B = Non-inter-level travel time spent in this place.
 C = Inter-level travel time spent in this place.
 D = Time resting spent in this place.
 E = Time spent auto-exploring this place.
 F = Levels seen in this place.
 G = Mean time per level.
                   A        B        C        D        E       F      G
               +--------+--------+--------+--------+--------+-----+--------+
         Total |    129 |    129 |      0 |    100 |      0 |   1 |  129.0 |
       Dungeon |    129 |    129 |      0 |    100 |      0 |   1 |  129.0 |
               +--------+--------+--------+--------+--------+-----+--------+

Top non-repeatable levels by time:
       D: 129 daAuts
